 Dungeon Crawl Stone Soup version 0.25.0-9-g26727b657a (webtiles) character file.

Game seed: 13248439132776847859

8 Donthurtboomboom the Gusty (level 2, -2/20 HPs)
             Began as a Centaur Air Elementalist on June 21, 2020.
             Slain by an adder (4 damage)
             ... on level 2 of the Dungeon.
             The game lasted 00:09:40 (2024 turns).

Donthurtboomboom the Gusty (CeAE)                   Turns: 2024, Time: 00:09:40

Health: -2/20      AC:  5    Str: 10    XL:     2   Next: 0%
Magic:  0/4        EV: 10    Int: 14    God:
Gold:   18         SH:  0    Dex:  9    Spells: 3/4 levels left

rFire    . . .     SeeInvis .   d - +0 dagger
rCold    . . .     Gourm    .   (no shield)
rNeg     . . .     Faith    .   a - +0 robe
rPois    .         Spirit   .   k - +0 helmet
rElec    .         Reflect  .   (no cloak)
rCorr    .         Harm     .   (no gloves)
MR       .....                  (no barding)
Stlth    +.........             (no amulet)
HPRegen  0.06/turn              (no ring)
MPRegen  0.09/turn              (no ring)

@: brilliant, lethally poisoned (-2 -> -14), very quick
A: large, hooves 3, deformed body, speed 2, tough skin 3
a: no special abilities


You were on level 2 of the Dungeon.
You were not hungry.

You visited 1 branch of the dungeon, and saw 2 of its levels.

You collected 18 gold pieces.

Inventory:

Hand Weapons
 d - a +0 dagger (weapon)
Missiles
 e - 44 stones (quivered)
Armour
 a - a +0 robe (worn)
 k - a +0 helmet (worn)
Jewellery
 i - an uncursed ring of magical power {unknown}
Scrolls
 b - 3 scrolls of remove curse
Potions
 g - a potion of might {unknown}
 h - a potion of flight {unknown}
Comestibles
 c - a ration


   Skills:
 + Level 1.5 Dodging
 + Level 1.1 Stealth
 + Level 1.9 Spellcasting
 + Level 0.8 Conjurations
 + Level 2.8 Air Magic


You had 3 spell levels left.
You knew the following spells:

 Your Spells              Type           Power        Failure   Level  Hunger
a - Shock                 Conj/Air       #...         12%         1    None

Your spell library contained the following spells:

 Spells                   Type           Power        Failure   Level  Hunger
 Swiftness                Chrm/Air       #.......     21%         2    None
 Static Discharge         Conj/Air       #.......     34%         3    None
 Airstrike                Air            ##........   58%         4    None
 Lightning Bolt           Conj/Air       #.........   97%         5    None


Dungeon Overview and Level Annotations

Branches:
Dungeon (2/15)

Altars:
Dithmenos


Innate Abilities, Weirdness & Mutations

You have hooves in place of feet.
Armour fits poorly on your strangely shaped body.
You cover ground very quickly.
You have extremely tough skin. (AC +3)


Message History

The adder bites you but does no damage.
You barely miss the adder. Your kick misses the adder.
The adder is severely wounded.
You feel sick. The adder barely misses you. The adder bites you.
* * * LOW HITPOINT WARNING * * *
You hit the adder. Your kick misses the adder.
The adder is almost dead.
The adder bites you.
* * * LOW HITPOINT WARNING * * *
You are more poisoned.
The adder poisons you!
As you read the scroll labeled VUNAOW KUIH, it crumbles to dust.
You feel blessed for a moment.
It was a scroll of remove curse.
* * * LOW HITPOINT WARNING * * *
You feel sick. The adder closely misses you.
It was a potion of brilliance.
You feel clever all of a sudden.
* * * LOW HITPOINT WARNING * * *
You feel sick. The adder bites you but does no damage. The adder bites you.
You die...

#......# #.#
#.###### #.# #.#
#.# #.# #.# #.#
##.## #.# #...#
#.# #...# #.#
#.S.# #.# ##@##
#.# #.#
####.######## #.#
............# #.#
###...<.....# #.#
#.........# #.#
###.........####.#
.................#
###.........######


You could see an adder.

Vanquished Creatures
  A giant cockroach (D:2)
  2 hobgoblins (D:2)
  A kobold (D:1)
  2 frilled lizards (D:2)
  2 rats
8 creatures vanquished.

Notes
Turn   | Place    | Note
-------+----------+-------------------------------------------
     0 | D:1      | Donthurtboomboom the Centaur Air Elementalist began the
                  | quest for the Orb.
     0 | D:1      | Reached XP level 1. HP: 14/14 MP: 3/3
  1698 | D:2      | Found a shadowy altar of Dithmenos.
  1745 | D:2      | Reached XP level 2. HP: 20/20 MP: 1/4
  2024 | D:2      | Slain by an adder

Illustrated notes

Levels and vault maps discovered:
D:1:      giann_wishing_wells, layout_basic, minmay_misc_feat_five
D:2:      layout_loops_ring, lemuel_coloured_pillars_altar,
          grunt_dithmenos_smoke_and_mirrors

Action                   || total
-------------------------++-------
Melee: Dagger            ||    15
       Unarmed           ||     6
       Kick              ||     1
 Cast: Shock             ||    15
  Use: Scroll            ||     1
       Potion            ||     1
  Eat: Chunk             ||     2
       Ration            ||     1
Armor: Robe              ||    14
Dodge: Dodged            ||    20
